Map: Nightshade LE

Players

ViBE - Winner!

  • Race: Terran Terran
  • League: Silver
  • Spawn Location: 5:00

sludgeminer

  • Race: Protoss Protoss
  • League: Gold
  • Spawn Location: 11:00

VOD

https://www.youtube.com/watch?v=kuS_PgtyAP8&list=PLFeZeom2b4DmHduNHeFj-6PfoasuSQn3P&index=2

Description

Time

  • Played on: Dec. 5, 2019, 8:54 p.m.
  • Length: 12:18
Show
View Real Time Build Order
Export as new Build Order

ViBE Terran - Winner!

Build Orders: Mech 

Get SALT Encoding   

  12  0:01  SCV  
  13  0:13  SCV  
  14  0:20  Supply Depot  
  14  0:28  SCV  
  15  0:42  SCV  
  16  0:44  Barracks  
  16  0:46  Refinery  
  16  0:54  SCV  
  17  1:07  SCV  
  18  1:19  SCV  
  19  1:31  SCV  
  20  1:36  Command Center  
  20  1:43  SCV  
  21  1:56  Orbital Command  
  21  1:59  Factory  
  21  2:24  SCV  
  21  3:01  Orbital Command  
  21  3:03  Factory Tech Lab  
  21  3:13  SCV  
  22  3:43  Orbital Command  
  22  3:45  Siege Tank  
  25  3:51  SCV  
  24  4:03  SCV  
  25  4:11  SCV  
  25  4:15  SCV  
  27  4:23  SCV  
  27  4:24  Command Center  
  28  4:27  SCV  
  29  4:35  SCV, Refinery  
  29  4:36  Refinery  
  30  4:49  SCV  
  30  5:01  Supply Depot x2  
  30  5:02  Supply Depot x2  
  30  5:22  SCV x2  
  32  5:35  SCV x2  
  34  5:37  Command Center  
  34  5:40  Refinery  
  34  5:41  Factory  
  34  5:42  Factory, Refinery  
  34  5:46  Orbital Command  
  34  5:47  SCV x2  
  36  5:52  Engineering Bay  
  36  5:59  SCV x2  
  36  6:03  Armory  
  38  6:11  SCV x2  
  40  6:16  SCV  
  41  6:18  Missile Turret  
  41  6:21  Missile Turret  
  41  6:23  SCV x2  
  43  6:26  Factory Tech Lab  
  43  6:27  Factory Reactor  
  43  6:28  SCV  
  44  6:35  SCV  
  46  6:41  Orbital Command  
  46  6:44  SCV  
  44  6:47  SCV  
  45  6:56  SCV  
  45  6:59  SCV  
  47  7:01  Orbital Command  
  47  7:03  Thor  
  47  7:07  Refinery  
  53  7:08  SCV  
  53  7:09  SCV  
  53  7:11  SCV, Refinery  
  53  7:15  Thor  
  56  7:16  Hellion x2  
  56  7:20  SCV  
  56  7:21  SCV  
  68  7:23  SCV  
  69  7:33  SCV x2  
  69  7:36  SCV  
  72  7:38  SCV  
  72  7:42  Missile Turret  
  73  7:45  SCV x2  
  73  7:51  Terran Vehicle Weapons Level 1  
  75  7:54  SCV x2  
  75  7:57  SCV x2  
  79  8:02  Thor  
  85  8:06  SCV  
  85  8:07  SCV  
  85  8:09  SCV  
  85  8:10  SCV  
  89  8:18  SCV  
  89  8:19  Infernal Pre-Igniter, SCV  
  91  8:21  SCV, Smart Servos  
  92  8:32  Supply Depot x3  
  92  8:35  Supply Depot  
  92  8:39  SCV  
  92  8:40  Supply Depot x2  
  92  8:41  SCV, Supply Depot  
  92  8:43  SCV  
  92  8:45  SCV  
  91  8:49  Hellion  
  91  8:50  Hellion  
  91  8:51  SCV  
  91  8:53  Thor x2, SCV  
  91  8:55  SCV  
  106  8:56  Supply Depot  
  106  8:57  SCV, Refinery  
  107  9:03  SCV  
  107  9:05  SCV  
  107  9:07  SCV  
  107  9:09  SCV  
  111  9:13  Factory  
  111  9:14  Hellion x2  
  111  9:15  SCV, Factory  
  111  9:16  Factory  
  111  9:17  SCV, Factory  
  116  9:19  SCV  
  116  9:21  SCV  
  119  9:28  SCV  
  119  9:29  SCV, Command Center  
  122  9:31  SCV  
  122  9:36  Thor x2  
  134  9:40  Armory  
  134  9:41  Hellion x2  
  138  9:47  SCV x3  
  141  9:56  SCV  
  142  10:00  Missile Turret  
  142  10:06  Factory Tech Lab x2  
  142  10:07  Factory Tech Lab, Factory Reactor  
  142  10:09  Hellion x2  
  146  10:16  Supply Depot  
  146  10:17  Supply Depot  
  146  10:23  Factory x2  
  146  10:24  Factory  
  146  10:27  Thor x3  
  146  10:28  Thor  
  170  10:33  Hellion  
  172  10:37  Thor, Hellion  
  180  10:47  Command Center  
  180  10:54  Hellion x2  
  184  11:08  Factory Tech Lab x2, Factory Reactor  
  184  11:11  Thor  
  184  11:14  Hellion  
  184  11:15  Hellion x3  
  184  11:17  Hellion  
  200  11:41  Planetary Fortress  
  200  12:03  Missile Turret  
  200  12:05  Command Center  
  198  12:15  Refinery  
  198  12:16  Refinery  
Show
View Real Time Build Order
Export as new Build Order

sludgeminer Protoss 

Build Orders: Cannon Rush 

Get SALT Encoding   

  12  0:01  Probe (Chrono Boost)  
  13  0:10  Probe (Chrono Boost)  
  14  0:20  Pylon  
  14  0:22  Probe  
  15  0:42  Forge  
  15  0:43  Probe  
  16  0:59  Pylon  
  16  1:11  Pylon  
  16  1:19  Photon Cannon  
  16  1:23  Photon Cannon  
  16  1:30  Pylon  
  16  1:41  Photon Cannon  
  16  1:44  Pylon  
  16  2:04  Pylon  
  16  2:07  Photon Cannon  
  16  2:12  Probe  
  17  2:23  Photon Cannon  
  17  2:35  Photon Cannon  
  17  2:40  Probe  
  17  3:04  Photon Cannon  
  17  3:15  Gateway  
  17  3:17  Pylon, Probe  
  18  3:27  Photon Cannon  
  18  3:28  Photon Cannon  
  18  3:42  Photon Cannon  
  18  3:54  Pylon  
  18  4:13  Photon Cannon  
  18  4:18  Pylon  
  18  4:20  Photon Cannon  
  18  4:22  Pylon  
  18  4:26  Probe  
  19  4:38  Probe  
  20  4:39  Photon Cannon  
  20  4:41  Photon Cannon  
  19  5:13  Nexus  
  19  5:18  Cybernetics Core  
  19  5:20  Assimilator  
  19  5:37  Probe  
  20  5:49  Probe  
  21  6:01  Probe (Chrono Boost)  
  22  6:09  Photon Cannon  
  22  6:10  Photon Cannon  
  22  6:11  Probe (Chrono Boost)  
  23  6:15  Photon Cannon  
  23  6:16  Probe (Chrono Boost)  
  24  6:28  Probe x2  
  24  6:30  Warp Gate (Chrono Boost)  
  26  6:37  Gateway  
  26  6:40  Probe x2  
  28  6:52  Probe  
  29  7:01  Probe  
  30  7:04  Probe  
  30  7:07  Assimilator  
  31  7:13  Probe  
  32  7:16  Probe  
  32  7:20  Robotics Facility  
  33  7:25  Zealot  
  35  7:33  Pylon  
  35  7:38  Probe x2  
  35  7:41  Assimilator  
  35  7:43  Assimilator  
  37  7:50  Pylon, Probe x2  
  39  8:02  Probe x2  
  41  8:08  Nexus  
  41  8:14  Probe x2  
  41  8:17  Zealot x2  
  47  8:26  Probe x2  
  49  8:31  Immortal  
  53  8:38  Probe  
  54  8:45  Robotics Bay  
  54  8:46  Pylon  
  54  8:49  Probe  
  54  8:50  Probe  
  54  8:54  Pylon  
  52  8:57  Pylon  
  52  9:00  Photon Cannon  
  52  9:02  Protoss Ground Weapons Level 1  
  52  9:03  Probe  
  52  9:05  Photon Cannon  
  53  9:10  Twilight Council  
  53  9:14  Pylon  
  53  9:18  Probe x2  
  53  9:19  Probe  
  56  9:30  Probe x2  
  58  9:32  Probe  
  58  9:33  Extended Thermal Lance  
  58  9:36  Colossus  
  65  9:42  Probe x2  
  65  9:44  Probe  
  68  9:48  Robotics Facility  
  68  9:54  Probe x2  
  68  9:56  Probe, Assimilator  
  68  9:58  Assimilator  
  71  10:00  Pylon  
  71  10:03  Zealot  
  71  10:04  Zealot  
  71  10:06  Probe x2  
  77  10:08  Probe  
  77  10:12  Forge  
  78  10:17  Gateway  
  78  10:20  Probe, Gateway  
  79  10:30  Immortal  
  79  10:32  Probe  
  84  10:40  Probe x2  
  86  10:44  Probe  
  87  10:52  Probe  
  87  10:53  Probe  
  87  10:56  Probe  
  90  11:05  Probe x2  
  90  11:07  Nexus  
  90  11:08  Pylon  
  90  11:09  Colossus  
  98  11:12  Probe  
  98  11:17  Colossus, Probe x2  
  107  11:24  Probe  
  108  11:31  Zealot x4  
  116  11:35  Photon Cannon  
  116  11:37  Pylon  
  116  11:44  Pylon  
  116  11:51  Probe  
  117  11:55  Probe x2  
Tags
 
Add a new tag
Caveats
  • Supply blocks, unpowered buildings, or Contaminate may cause inaccurate times.
  • Supply counts are checked every 10 seconds.